[Event "15th Arad Open 2022"]
[Site "Arad"]
[Date "2022.08.10"]
[Round "4.4"]
[White "Moerman, Thomas"]
[Black "David, Alexandru-Vasile"]
[Result "0-1"]
[ECO "E93"]
[WhiteElo "2026"]
[BlackElo "2433"]
[Annotator "TA"]
[PlyCount "60"]
[EventDate "2022.08.08"]
[EventType "swiss"]
[EventCountry "ROU"]
[SourceTitle "playchess.com"]
[Source "ChessBase"]
[SourceQuality "1"]
[TimeControl "5400+30"]

1. d4 Nf6 2. c4 g6 3. Nc3 Bg7 4. Nf3 O-O 5. e4 d6 6. Be2 Nbd7 7. h3 e5 8. d5 Nc5 9. Qc2 Nh5 {[%emt 0:02:27] E93: King's Indian: Classical: Petrosian System with 7...Nbd7.} 10. g3 f5 11. Nh4 {[%emt 0:03:56] [#]} (11. Bg5 $11 Nf6 12. Nd2) 11... Nf4 $1 $17 {[%emt 0:04:22] [#] Black is better.} 12. exf5 $146 {[%emt 0:05:32] Strongly threatening b4.} ({Predecessor:} 12. Be3 Nxe2 13. Qxe2 f4 14. Bxc5 fxg3 15. fxg3 dxc5 16. O-O-O Qg5+ 17. Kb1 Qxg3 18. Qe1 Qxe1 19. Rdxe1 {0-1 (33) Tomiello,M (1969)-Makarian,R (2442) Chess.com INT 2020}) 12... Nxe2 (12... gxf5 $6 13. Bf1 $11) 13. fxg6 (13. Qxe2 $17 e4 14. O-O (14. Nxe4 $2 Nxe4 15. O-O gxf5 $19)) 13... Nd4 (13... Nxc1 $19 {is more deadly.} 14. gxh7+ Kh8 15. Rxc1 (15. Ng6+ $2 Kxh7 16. Nxf8+ Kg8 $19) 15... e4 16. Ng6+ Kxh7 17. Nxf8+ Qxf8) 14. gxh7+ Kh8 {[%emt 0:00:04] 0x0.0002da215f5edp-1022s more active pieces. The white rooks are badly placed.} 15. Ng6+ Kxh7 16. Nxf8+ Kg8 17. Qh7+ Kxf8 18. g4 {[%emt 0:14:09] [#] Prevents Bf5.} Qf6 $1 $36 {[%emt 0:09:08][%mdl 3072] Black has strong compensation. Black is in control.} 19. Be3 Bd7 {[%emt 0:11:51] White must now prevent ...Be8.} 20. b4 $2 {[%emt 0:14:31][%mdl 8192] [#] Loses the game.} (20. O-O $17 {is tougher.}) 20... Be8 $1 21. g5 $19 ({Don't go for} 21. bxc5 $2 Bg6 22. Qxg6 (22. g5 $2 Qf7 $19) 22... Qxg6 $19) 21... Qf3 22. Kd2 Na4 {[%emt 0:04:48] Chess con chili.} 23. Rae1 $2 (23. Qe4 Nxc3 24. Qxf3+ Nxf3+ 25. Kxc3) 23... Nxc3 24. Kxc3 Bd7 25. Kb2 (25. Qb1 $142 Ba4 26. Rhg1) 25... Bf5 26. g6 Qe4 {[%emt 0:00:21] ( -> ...Qc2+)} 27. Bxd4 Qxd4+ {[%emt 0:00:41] Black mates.} 28. Kb3 Qd3+ 29. Ka4 Bd7+ {[%emt 0:00:11] This bishop pair is nice.} 30. Ka5 Qa3# {[%emt 0:21:46] Weighted Error Value: White=0.96/Black=0.40} 0-1

[Event "15th Arad Open 2022"]
[Site "Arad"]
[Date "2022.08.10"]
[Round "4.5"]
[White "Magold, Victor"]
[Black "Ardeleanu, Alin"]
[Result "1/2-1/2"]
[ECO "E61"]
[WhiteElo "2074"]
[BlackElo "2290"]
[Annotator "TA"]
[PlyCount "78"]
[EventDate "2022.08.08"]
[EventType "swiss"]
[EventCountry "ROU"]
[SourceTitle "playchess.com"]
[Source "ChessBase"]
[SourceQuality "1"]
[TimeControl "5400+30"]

1. d4 {[%emt 0:00:06] Golod,V} Nf6 2. Nf3 g6 3. c4 Bg7 4. Nc3 O-O 5. g3 c6 6. e4 {[%emt 0:07:05] E61: King's Indian: Early deviations for White, including Smyslov System.} d5 7. e5 Ne4 8. Bg2 Nxc3 9. bxc3 dxc4 {[%emt 0:00:10][%cal Oc6c5] [#]} 10. O-O $146 ({Predecessor:} 10. h4 c5 11. h5 cxd4 12. cxd4 Nc6 13. Be3 Bf5 14. Kf1 Nb4 15. hxg6 hxg6 16. Qd2 {½-½ (51) Greenfeld,A (2530)-Golod,V (2535) Givataim 1998 CBM 065 [Golod,V]}) 10... Be6 11. Re1 Bd5 12. Ba3 Re8 13. Ng5 Bxg2 14. Kxg2 Qd5+ 15. Kg1 Na6 16. h4 f6 17. Ne4 Rad8 18. h5 f5 19. Ng5 c5 20. hxg6 hxg6 21. e6 (21. Rb1 $17) 21... cxd4 $19 22. Nf7 (22. Qc1 $142 dxc3 23. Nf7) 22... Rc8 23. Qd2 (23. cxd4 $142 Nc7 24. Ne5) 23... Rc6 $1 24. Qg5 $2 (24. cxd4 b5 25. Ne5 Rxe6 26. Rad1) 24... Rxe6 25. Nh6+ Kh7 26. Ng4 Re4 27. f3 Rxe1+ 28. Rxe1 Qxf3 29. Nh2 (29. Ne5 $142 Qh5 30. Qxh5+ gxh5 31. cxd4) 29... Qh5 30. Qd2 e5 31. cxd4 e4 32. Kg2 Rh8 33. Qa5 Bxd4 $2 (33... c3 $19 34. g4 fxg4 35. Qxc3 Rd8 36. Rxe4 Qd5) 34. Qd5 $11 Bf6 {[%emt 0:00:31] [#]} (34... Bg7 $1 $11 {and Black has nothing to worry.} 35. Rh1 Qe2+ 36. Kg1 Qe3+ 37. Kg2 Qe2+ 38. Kg1 Qe3+ 39. Kg2 Qe2+) 35. Qf7+ $2 (35. Ng4 $1 $18 fxg4 36. Rh1 Qxh1+ 37. Kxh1) 35... Bg7 {[%emt 0:00:01] ...Rd8 is the strong threat. The position is equal.} 36. Bb2 Rg8 37. Rh1 Qe2+ 38. Kg1 $1 {[%emt 0:00:06] Ng4+ would kill now.} Qe3+ 39. Kg2 {[%emt 0:00:10] White wants to mate with Ng4+. The board is on fire.} Qe2+ {[%emt 0:00:00] And White is the lucky defender.  Weighted Error Value: White=0.55/Black=0.26 (precise)} 1/2-1/2

[Event "15th Arad Open 2022"]
[Site "Arad"]
[Date "2022.08.10"]
[Round "4.6"]
[White "Balaban-Voia, Alexandru"]
[Black "Ionescu, Mihai"]
[Result "0-1"]
[ECO "A07"]
[WhiteElo "1869"]
[BlackElo "2250"]
[Annotator "TA"]
[PlyCount "88"]
[EventDate "2022.08.08"]
[EventType "swiss"]
[EventCountry "ROU"]
[SourceTitle "playchess.com"]
[Source "ChessBase"]
[SourceQuality "1"]
[TimeControl "5400+30"]

1. g3 d5 2. Bg2 Nf6 3. Nf3 c6 4. b3 Bg4 5. Bb2 Nbd7 6. d3 Bxf3 7. Bxf3 {[%emt 0:00:19] A07: Réti Opening: New York and Capablanca Systems.} e6 8. Nd2 Bd6 9. e4 {[%emt 0:03:50] White has an edge.} dxe4 10. Nxe4 Nxe4 11. Bxe4 {[%emt 0:05:15] This bishop pair is nice.} Qa5+ 12. Qd2 {[%emt 0:07:20] [#]} Qxd2+ $146 ({Predecessor:} 12... Bb4 13. c3 Be7 14. d4 O-O 15. O-O Rad8 16. Qc2 Nf6 17. Bf3 Rd7 18. Rad1 Rfd8 {½-½ (25) Bronstein,D-Petrosian,T Zagreb 1965}) 13. Kxd2 Be5 14. d4 Bf6 15. c3 O-O-O 16. Kc2 h5 17. h3 Nb6 18. f4 Nd5 19. Bxd5 exd5 20. Rae1 Rde8 21. Kd3 Kd7 22. Bc1 Be7 23. Rh2 Bd6 24. Rxe8 Rxe8 25. Re2 Rxe2 26. Kxe2 $11 {[%emt 0:00:04][%mdl 4096] Endgame KB-KB} f5 27. h4 a6 28. Be3 Kc7 29. Kd3 Kb6 30. a4 Ka5 31. Kc2 b5 32. axb5 cxb5 33. Bd2 b4 34. Kd3 {[%emt 0:01:13][%mdl 8192] [#] Now White is beyond hope.} (34. c4 $11) 34... bxc3 $19 35. Be1 Bb4 36. Kc2 Kb5 37. Bf2 a5 38. Be1 a4 39. bxa4+ Kxa4 40. Bf2 Kb5 {[%emt 0:00:00] [#] ( -> ...Kc4). Black is clearly winning.} 41. Kb3 Ba5 42. Bg1 c2 43. Kxc2 Kc4 44. Bf2 Bc3 {[%emt 0:00:00] Weighted Error Value: White=0.54/Black=0.12 (very precise)} 0-1

[Event "15th Arad Open 2022"]
[Site "Arad"]
[Date "2022.08.10"]
[Round "4.7"]
[White "Ungureanu, Sandu"]
[Black "Srbis, Jurica"]
[Result "0-1"]
[ECO "C45"]
[WhiteElo "2011"]
[BlackElo "2472"]
[Annotator "TA"]
[PlyCount "100"]
[EventDate "2022.08.08"]
[EventType "swiss"]
[EventCountry "ROU"]
[SourceTitle "playchess.com"]
[Source "ChessBase"]
[SourceQuality "1"]
[TimeControl "5400+30"]

1. e4 e5 2. Nf3 Nc6 3. d4 exd4 4. Nxd4 Nf6 5. Nxc6 bxc6 6. Bd3 d5 7. Qe2 Be7 ({Weaker is} 7... Nxe4 8. f3 $16) 8. e5 {[%emt 0:00:50] C45: Scotch Game.} Nd7 9. e6 Nc5 10. exf7+ {[%emt 0:01:12] The position is equal.} Kxf7 11. O-O Nxd3 12. Qxd3 {[%emt 0:00:13] [#]} Bd6 $146 {[%emt 0:03:36] Inhibits Bf4.} ({Predecessor:} 12... Qd7 13. Nc3 Qf5 14. Qxf5+ Bxf5 15. Bf4 Rhe8 16. Rac1 Rab8 17. Na4 Rb4 18. b3 Rxf4 {0-1 (27) Wiehl,H-Friedrich,E freechess.de 2014}) 13. Qf3+ (13. Be3 $1 $11 {remains equal.}) 13... Qf6 $17 {[%emt 0:00:55] Strongly threatening ...Qxf3.} 14. Qxf6+ gxf6 15. Re1 Bf5 $40 {[%emt 0:13:39][%mdl 128] Black has strong attack.} 16. c3 a5 17. Be3 Rab8 18. b3 Rhe8 19. Nd2 Ba3 {[%emt 0:00:13] Black is more active.} 20. Ba7 Ra8 21. Rxe8 Rxe8 (21... Kxe8 22. Bd4 $15) 22. Bd4 (22. Be3) 22... c5 $19 23. Be3 Bb2 $1 {[%emt 0:00:08][%csl LRa1,LRc3] A strong pair of Bishops.} 24. Rd1 Bxc3 25. Nf3 d4 26. Bd2 Bxd2 27. Rxd2 {[%emt 0:03:05][%mdl 4096] Endgame KRB-KRN} a4 28. h3 Be4 29. Ne1 (29. Nxd4 $142 cxd4 30. Rxd4) 29... axb3 30. axb3 Rb8 31. f3 $2 (31. Nd3 Bxd3 32. Rxd3) 31... Bg6 32. Nd3 Rb5 33. Nc1 c4 34. Rxd4 cxb3 35. Nxb3 Rxb3 {[%emt 0:00:03] KRB-KR} 36. Rd7+ Ke6 37. Rxc7 Bd3 38. Kf2 Rb2+ 39. Ke3 Bg6 {[%emt 0:00:46] ...Kd6 is the strong threat.} 40. g3 Rb3+ 41. Kf4 Bd3 42. g4 h6 {[%emt 0:00:00] [#] White must now prevent ...Be2.} 43. Rc6+ (43. Rc8 $142) 43... Ke7 {[%emt 0:00:00] aiming for ...Be2.} 44. h4 $2 (44. Rc1) 44... Be2 45. Rc7+ Kd6 46. Rh7 {[%emt 0:00:00] [#]} (46. Rc8 $19) 46... Rxf3+ {[%emt 0:00:00] Black mates.} 47. Ke4 Bd3+ 48. Kxf3 Bxh7 49. g5 hxg5 50. hxg5 f5 {[%emt 0:00:00] White did not feel at home in the position after the opening.  Weighted Error Value: White=0.58/Black=0.15 (very precise)} ({Inferior is} 50... fxg5 51. Kg4 $11) 0-1

[Event "15th Arad Open 2022"]
[Site "Arad"]
[Date "2022.08.10"]
[Round "4.8"]
[White "Secheres, Adrian-Simion"]
[Black "Samu, Sorin-Mihai"]
[Result "1-0"]
[ECO "A60"]
[WhiteElo "2360"]
[BlackElo "1952"]
[Annotator "TA"]
[PlyCount "73"]
[EventDate "2022.08.08"]
[EventType "swiss"]
[EventCountry "ROU"]
[SourceTitle "playchess.com"]
[Source "ChessBase"]
[SourceQuality "1"]
[TimeControl "5400+30"]

1. d4 Nf6 2. c4 c5 3. d5 e6 4. Nc3 exd5 5. cxd5 d6 6. Nf3 Bf5 7. Nd2 {[%emt 0:04:37] A60: Modern Benoni: Early Divergences.} Be7 8. e4 Bg6 9. Be2 {[%emt 0:03:31] White is better.} O-O 10. O-O {[%emt 0:02:32] [#]} Ne8 $146 {[%emt 0:03:24] [#]} (10... Nbd7 $142) ({Predecessor:} 10... Nbd7 11. h3 Re8 12. f4 h6 13. a4 Bf8 14. Bf3 c4 15. f5 Bh7 16. Nxc4 Ne5 17. Nxe5 dxe5 {1-0 (52) Smirnov,A (2436)-Rahatbekov,T (1399) Tornelo INT 2020}) 11. f4 $1 $16 {[%emt 0:03:18] Black must now prevent f5.} f5 12. e5 Nd7 13. Nc4 {[%emt 0:04:47] White is more active.} a6 {[%emt 0:01:55] [#]} 14. a4 {[%emt 0:01:33] Against b5} b6 (14... Nb6 {keeps fighting.} 15. Ne3 Nd7) 15. b3 Rb8 16. Bb2 Qc7 17. e6 Ndf6 18. Ne3 Qb7 19. Qd3 Nc7 20. Bf3 (20. Nxf5 $6 Bxf5 21. Qxf5 Nfxd5 22. Nxd5 Nxd5 $16) 20... b5 21. a5 (21. Nxf5 Bxf5 22. Qxf5 bxa4 $11) 21... Qa7 22. Kh1 ({Worse is} 22. Nxf5 Bxf5 23. Qxf5 c4+ 24. Kh1 b4 $11) 22... Ng4 $2 (22... Kh8 23. Ne2 (23. Nxf5 c4 $14) 23... Ng8) 23. Bxg4 $18 fxg4 24. f5 Bh5 25. Ne4 c4 26. bxc4 bxc4 27. Nxc4 Rb5 28. Qc3 Bf6 (28... Ne8 $142 29. Qd2 Qb7) 29. Nxf6+ gxf6 30. Nxd6 Rc5 31. Qd4 Ne8 32. Nxe8 Bxe8 33. Ba3 Rc7 34. Qxa7 Rxa7 35. Bxf8 {[%emt 0:00:07] White is clearly winning.} Kxf8 36. d6 {[%emt 0:00:05] Intending Rfd1 and mate.} Bb5 37. Rfc1 {[%emt 0:00:36] Weighted Error Value: White=0.06 (flawless) /Black=0.59} 1-0

[Event "15th Arad Open 2022"]
[Site "Arad"]
[Date "2022.08.10"]
[Round "4.10"]
[White "Paraschiv, Petronela-Alexandra"]
[Black "Kazarian, Anna-Maja"]
[Result "0-1"]
[ECO "C01"]
[WhiteElo "1867"]
[BlackElo "2139"]
[Annotator "TA"]
[PlyCount "174"]
[EventDate "2022.08.08"]
[EventType "swiss"]
[EventCountry "ROU"]
[SourceTitle "playchess.com"]
[Source "ChessBase"]
[SourceQuality "1"]
[TimeControl "5400+30"]

1. e4 e6 2. d4 d5 3. exd5 exd5 4. Nf3 Nf6 5. Bd3 Bg4 6. O-O Be7 7. h3 Bh5 {[%emt 0:00:09] C01: French: Exchange Variation.} 8. Bf4 O-O 9. Nbd2 Bd6 {[%emt 0:11:23] The position is equal.} 10. Bxd6 Qxd6 11. c3 Nbd7 12. Qc2 {[%emt 0:02:31] [#]} b6 $146 ({Predecessor:} 12... Bg6 13. Rfe1 Rfe8 14. Bxg6 hxg6 15. Rxe8+ Rxe8 16. Ne5 Nxe5 17. dxe5 Qxe5 18. Nf3 Qe4 19. Qb3 b6 20. Re1 Qf4 21. Rxe8+ Nxe8 22. Qxd5 Qd6 23. Qxd6 {½-½ (23) Robers,F-Goetz,D freechess.de 2020}) 13. Rfe1 Rfe8 14. a4 c5 15. b3 Bg6 16. Bxg6 hxg6 17. Qd3 Nh5 18. Nf1 Nf4 19. Qd2 Qf6 20. Re3 cxd4 21. cxd4 Rxe3 22. Qxe3 Rc8 23. Re1 Nf8 24. Kh2 Rc2 25. g3 {[%emt 0:04:39] [#]} Nd3 26. Re2 {[%emt 0:01:42] [#]} Rxe2 {[%emt 0:01:45] 0x0.0002da609239dp-1022s more active pieces.} (26... Nb4 $1 $17) 27. Qxe2 $11 Nc1 28. Qe3 Qf5 29. Qxc1 Qxf3 30. Qe3 Qxe3 31. Nxe3 {[%emt 0:03:47][%mdl 4096] Endgame KN-KN} Ne6 32. Nc2 Kf8 33. Kg2 Ke7 34. f4 Kd6 35. Kf3 Nd8 36. Ke3 Nc6 37. Kd3 Na5 38. Kc3 Nb7 39. Ne3 Ke6 40. Kb4 {[%emt 0:00:00] aiming for Kb5.} Nd6 41. a5 Nf5 42. Nxf5 Kxf5 43. axb6 {[%emt 0:00:00][%mdl 8192] Black keeps a firm grip on the game.} (43. a6 $1 $11) 43... axb6 {[%emt 0:00:00] White must now prevent ...Ke4. KP-KP} 44. Kb5 Ke4 45. Kxb6 {[%emt 0:00:00] White threatens Kc5 and mate.} Kxd4 46. Kc6 $2 (46. b4 Ke4 47. Kc7) 46... Ke4 $19 47. b4 d4 48. b5 d3 49. b6 d2 50. b7 d1=Q 51. b8=Q {[%emt 0:00:00] Inhibits Qb3. KQ-KQ} Qd5+ 52. Kc7 Kf3 53. Qb2 Kxg3 54. Qxg7 Kxh3 55. Qh6+ Kg4 56. Qh2 Qc4+ 57. Kd7 Qxf4 58. Qe2+ Kg5 59. Ke7 f5 60. Kf7 Qe4 (60... Qc7+ $142 61. Ke8 Qc6+ 62. Kd8 f4 63. Qe5+ Kg4 64. Qd4 Kf5 65. Qd3+ Ke5 66. Qf1 f3 67. Qf2 Kf5 68. Qg1 g5 69. Qg3 g4 70. Qf2 Qd6+ 71. Ke8 Kf4 72. Qh4 Qd4 73. Qh6+ Kg3 74. Qh1 f2 75. Qf1 Kf4 76. Kf7 g3 77. Ke7 Qe4+ 78. Kd8 Kf3 79. Qh1+ g2 80. Qh3+ Ke2 81. Qh5+ Qf3 82. Qe5+ Qe3 83. Qh5+ Ke1 84. Kc8 f1=Q 85. Qh4+ Kd2 86. Qb4+ Kc1 87. Kd7 Qf7+ 88. Kc6 g1=Q 89. Qf4 Qexf4 90. Kb5 Qd5+ 91. Ka6 Qh6#) 61. Qb5 Qd4 $2 (61... Kh6 {( -> ...f4)} 62. Qb2 Qd5+ 63. Ke7 f4) 62. Qc6 Qa7+ 63. Ke6 $2 (63. Kf8) 63... Qa2+ 64. Ke7 Kh6 {[%emt 0:02:25] Strongly threatening ...f4.} 65. Qc3 Qa7+ 66. Ke6 Qb6+ 67. Ke5 Qb7 (67... Qb8+ $142 68. Ke6 Qe8+ 69. Kd6 g5 70. Qc4 Kg6 71. Qa6 g4 72. Kc7+ Kg5 73. Qd6 Qf7+ 74. Kb8 f4 75. Qd2 g3 76. Qd8+ Qf6 77. Qg8+ Kh6 78. Qc8 Qe5+ 79. Kb7 Qd5+ 80. Kb8 g2 81. Qh8+ Kg6 82. Qe8+ Kg5 83. Qe7+ Kg4 84. Qg7+ Qg5 85. Qd4 Kh4 86. Qg1 f3 87. Qh2+ Kg4 88. Qg1 Kg3 89. Qb6 f2 90. Ka7 f1=Q 91. Qb3+ Kh2 92. Qb8+ Qgf4 93. Qh8+ Kg1 94. Qg7 Qe3+ 95. Ka8 Qa6+ 96. Kb8 Qeb6+ 97. Qb7 Qbxb7#) 68. Qh3+ (68. Qd2+ $19 Kg7 69. Kf4) 68... Kg7 69. Qc3 Qe4+ 70. Kd6+ Kh6 71. Qf6 Kh5 72. Qh8+ Kg4 73. Qa1 f4 74. Qg1+ Kh3 75. Qf1+ Kg3 76. Qg1+ Qg2 77. Qe1+ Qf2 78. Qe5 Qd2+ 79. Kc6 Qc2+ 80. Kd6 Kg4 81. Qe6+ Qf5 82. Qe2+ f3 83. Qf2 Qd3+ 84. Kc5 g5 85. Qg1+ Kf5 (85... Kf4 $142 86. Qh2+ Ke4) 86. Qf2 Qe2 87. Qg3 Qe5+ {[%emt 0:00:04] Weighted Error Value: White=0.72/Black=0.19 (very precise)} 0-1

[Event "15th Arad Open 2022"]
[Site "Arad"]
[Date "2022.08.10"]
[Round "4.11"]
[White "Padurean, Daniel-Cristian"]
[Black "Tamas, Christian-Arrydan"]
[Result "1-0"]
[ECO "B21"]
[WhiteElo "2126"]
[BlackElo "1913"]
[Annotator "NA RC"]
[PlyCount "129"]
[EventDate "2022.08.08"]
[EventType "swiss"]
[EventCountry "ROU"]
[SourceTitle "playchess.com"]
[Source "ChessBase"]
[SourceQuality "1"]
[TimeControl "5400+30"]

1. e4 c5 2. d4 cxd4 3. c3 dxc3 4. Nxc3 g6 5. Nf3 Nc6 6. e5 Bg7 7. Bc4 Nh6 8. Bf4 O-O 9. O-O d6 10. exd6 exd6 11. Qxd6 Bg4 12. Ng5 Qxd6 13. Bxd6 Rfd8 14. Bc5 (14. Nce4 $15) 14... Rac8 ({Black should try} 14... Na5 $1 $15 15. Bb3 Nxb3 16. axb3 b6) 15. h3 {[%emt 0:14:21] [#]} (15. Bb3 $11) 15... Ne5 (15... Na5 $1 $19 16. Be7 Rd7) 16. Bb3 $17 Rxc5 17. Nce4 Rcc8 18. hxg4 Nhxg4 19. Rac1 h6 20. Nxf7 Nxf7 21. Bxf7+ Kh7 22. Be6 Rxc1 23. Rxc1 Re8 24. Ng5+ hxg5 25. Bxg4 Re7 26. b3 Bd4 27. Rd1 Bb6 28. Kf1 Rf7 29. Rd2 Kg7 30. Be6 Re7 31. Bc4 Bc7 32. a4 Kf6 33. Rd3 Be5 34. Rd8 Bc3 35. g3 Be5 36. Rf8+ Kg7 37. Rg8+ Kh7 38. Kg2 a5 39. Kf3 Bd4 40. Rd8 Bb6 41. Rd6 Bc7 42. Rd5 Kh6 43. Rc5 Bb6 44. Rb5 Bd8 45. Bd5 b6 46. Bc4 Rd7 47. Ke4 Bc7 48. g4 Rd8 49. f3 Rd7 50. Bd5 Kg7 51. Kd4 Kf6 52. Kc4 Re7 53. b4 axb4 54. Rxb4 Re5 55. Rb1 Bd8 56. Rd1 Re2 57. Be4 Be7 58. Rb1 Bd8 59. Kb5 Rg2 60. Rc1 Rb2+ 61. Ka6 Rb4 62. Bc6 Be7 63. Bb5 Bd8 64. Rd1 Ke7 65. Rd7+ 1-0

[Event "15th Arad Open 2022"]
[Site "Arad"]
[Date "2022.08.10"]
[Round "4.12"]
[White "Panc, Samuel"]
[Black "Ionescu, Irina"]
[Result "1/2-1/2"]
[ECO "B20"]
[WhiteElo "1927"]
[BlackElo "2125"]
[Annotator "TA"]
[PlyCount "50"]
[EventDate "2022.08.08"]
[EventType "swiss"]
[EventCountry "ROU"]
[SourceTitle "playchess.com"]
[Source "ChessBase"]
[SourceQuality "1"]
[TimeControl "5400+30"]

1. e4 e6 2. d3 c5 3. g3 Nc6 4. f4 g6 5. Nf3 Bg7 6. c3 Nge7 7. Be3 b6 8. Bg2 O-O 9. O-O d5 {[%emt 0:05:29] B20: Sicilian: Unusual White 2nd moves.} 10. e5 Ba6 11. Bf2 Rc8 {[%emt 0:01:07] White is slightly better.} 12. Re1 Qd7 13. Na3 Rfd8 14. Nc2 Qc7 {[%emt 0:22:55] [#]} 15. d4 $146 ({Predecessor:} 15. h4 h5 16. Qe2 Nf5 17. Bh3 Nce7 18. Ne3 Nxe3 19. Bxe3 d4 20. cxd4 Nd5 21. Bf2 {½-½ (34) Burovic,R (2316)-Budimir,B (2233) Paracin 2017}) 15... cxd4 16. Ncxd4 Nxd4 17. Nxd4 Bf8 18. g4 Nc6 19. Qf3 Nxd4 20. Bxd4 Bc5 21. Rad1 Qe7 22. Qg3 Kh8 23. Kh1 Bxd4 {[%emt 0:00:30] The position is equal.} 24. Rxd4 Rc4 25. Red1 Rxd4 {[%emt 0:04:34] Weighted Error Value: White=0.06 (flawless) /Black=0.07 (flawless)} 1/2-1/2

[Event "15th Arad Open 2022"]
[Site "Arad"]
[Date "2022.08.10"]
[Round "4.13"]
[White "Tampea, Radu"]
[Black "Ciocani, Iosif"]
[Result "0-1"]
[ECO "B27"]
[WhiteElo "2093"]
[BlackElo "2012"]
[Annotator "NA RC"]
[PlyCount "112"]
[EventDate "2022.08.08"]
[EventType "swiss"]
[EventCountry "ROU"]
[SourceTitle "playchess.com"]
[Source "ChessBase"]
[SourceQuality "1"]
[TimeControl "5400+30"]

1. e4 c5 2. Nf3 g6 3. Bc4 Bg7 4. O-O Nc6 5. c3 d6 6. d4 cxd4 7. cxd4 Nf6 8. d5 Ne5 9. Nxe5 dxe5 10. Nc3 O-O 11. Bg5 Ne8 12. Qd2 Nd6 13. Be2 $14 f6 14. Bh6 Bxh6 15. Qxh6 Qb6 16. Qd2 Bd7 17. Rfb1 Rac8 18. a4 Qb4 19. Qe3 a6 20. f3 Rc7 21. g3 Rfc8 22. Kg2 Qd4 23. Kf2 Kg7 24. Bd3 Qb4 25. Kg2 Nc4 26. Bxc4 Rxc4 27. f4 exf4 28. gxf4 e6 29. a5 Qb3 30. Qd2 exd5 31. exd5 Qb4 32. Re1 Rxf4 33. Re7+ Qxe7 34. Qxf4 g5 35. Qf2 Rc4 36. Re1 Qd6 37. Qe3 Rg4+ 38. Kh1 Kf7 39. Rf1 Rh4 40. Rf2 Rf4 41. Rxf4 gxf4 42. Qd3 Kg7 43. Qd4 Qe5 44. Qxe5 fxe5 45. Ne4 Kf7 46. Kg2 Ke7 47. Kf3 Bf5 48. Nc5 Kd6 49. Nxb7+ Kxd5 50. Nd8 Bg6 51. b4 Bh5+ 52. Kf2 Kc4 53. Nc6 e4 54. Ne7 e3+ 55. Kf1 f3 56. b5 Bg4 0-1

[Event "15th Arad Open 2022"]
[Site "Arad"]
[Date "2022.08.10"]
[Round "4.14"]
[White "Butolo, Alexandru-Mircea"]
[Black "Coicev, Matei-Andrei"]
[Result "1-0"]
[ECO "A32"]
[WhiteElo "1863"]
[BlackElo "2087"]
[Annotator "NA RC"]
[PlyCount "93"]
[EventDate "2022.08.08"]
[EventType "swiss"]
[EventCountry "ROU"]
[SourceTitle "playchess.com"]
[Source "ChessBase"]
[SourceQuality "1"]
[TimeControl "5400+30"]

1. d4 Nf6 2. c4 e6 3. Nf3 c5 4. Nc3 cxd4 5. Nxd4 d5 6. e3 Be7 7. Be2 O-O 8. O-O a6 9. cxd5 Nxd5 10. Nxd5 Qxd5 11. Qc2 Bf6 12. Rd1 Qa5 13. Bd2 Qb6 14. Rac1 e5 ({Better is} 14... Bxd4 $14 15. exd4 Nc6) 15. Nb3 (15. Qxc8 $16 exd4 16. Qc7 Qxc7 17. Rxc7) 15... Nc6 16. Bf3 Nb4 ({Black should play} 16... Be7 $14) 17. Qc5 Qxc5 $16 18. Nxc5 Nc6 19. Nxb7 Ne7 20. Bb4 Rb8 21. Rc7 Bxb7 22. Rxb7 Rxb7 23. Bxb7 Rb8 24. Bxe7 Bxe7 25. Bxa6 Rxb2 26. Bc4 Rc2 27. Bb3 Rc7 28. g3 g6 29. Rd5 Rc5 30. Rxc5 Bxc5 31. a4 Kf8 32. a5 Ke7 33. a6 f5 34. Kf1 g5 35. Bc2 Ke6 36. g4 e4 37. gxf5+ Kxf5 38. h3 h5 39. Bd1 Kg6 40. Kg2 Bb6 41. Ba4 Kf6 42. Bc6 Ke5 43. h4 gxh4 44. Kh3 Kd6 45. Bxe4 Kc7 46. Kxh4 Ba5 47. a7 1-0

[Event "15th Arad Open 2022"]
[Site "Arad"]
[Date "2022.08.10"]
[Round "4.15"]
[White "Herczeg, Marcell"]
[Black "Tudor, Henry Edward"]
[Result "1/2-1/2"]
[ECO "B41"]
[WhiteElo "2044"]
[BlackElo "1984"]
[Annotator "NA RC"]
[PlyCount "97"]
[EventDate "2022.08.08"]
[EventType "swiss"]
[EventCountry "ROU"]
[SourceTitle "playchess.com"]
[Source "ChessBase"]
[SourceQuality "1"]
[TimeControl "5400+30"]

1. e4 c5 2. Nf3 e6 3. d4 cxd4 4. Nxd4 a6 5. c4 Nc6 6. Nc3 Qb6 7. Nb3 Nf6 8. Be3 Qc7 9. Be2 Bb4 10. Qc2 d5 11. cxd5 exd5 $11 12. exd5 Nxd5 13. Bd2 Nde7 14. O-O Bf5 15. Bd3 Bxd3 16. Qxd3 Rd8 17. Qc4 O-O 18. Rac1 Bd6 19. h3 Qb8 20. Ne4 Nf5 21. Nxd6 Qxd6 22. Bc3 Rfe8 23. Qg4 Qg6 24. Qxg6 hxg6 25. Nc5 Ncd4 26. Bxd4 Nxd4 27. Rcd1 Re7 28. Rfe1 Rc7 29. b4 Kf8 30. Kh1 Nc6 31. Rxd8+ Nxd8 32. a3 Nc6 33. Rc1 Nd8 34. Re1 Nc6 35. Re4 Nb8 36. Kh2 Nd7 37. Nxd7+ Rxd7 38. Kg3 f6 39. Kf4 Kf7 40. Ke3 Rd8 41. g3 Rd7 42. h4 Rc7 43. Kd4 Rc2 44. f4 b6 45. Re3 Rd2+ 46. Kc4 Rd6 47. a4 Re6 48. Rd3 Ke7 49. a5 1/2-1/2

[Event "15th Arad Open 2022"]
[Site "Arad"]
[Date "2022.08.10"]
[Round "4.16"]
[White "Matasaru, Stephanie"]
[Black "Ambru, Dan-Calin"]
[Result "1-0"]
[ECO "B33"]
[WhiteElo "1885"]
[BlackElo "2001"]
[Annotator "NA RC"]
[PlyCount "75"]
[EventDate "2022.08.08"]
[EventType "swiss"]
[EventCountry "ROU"]
[SourceTitle "playchess.com"]
[Source "ChessBase"]
[SourceQuality "1"]
[TimeControl "5400+30"]

1. e4 c5 2. Nf3 Nc6 3. d4 cxd4 4. Nxd4 Nf6 5. Nc3 e5 6. Ndb5 d6 7. Bg5 a6 8. Na3 b5 9. Nd5 Be7 10. Bxf6 Bxf6 11. c3 Ne7 12. Nxf6+ gxf6 13. Bd3 Bb7 14. Qe2 d5 15. Nc2 dxe4 16. Bxe4 Bxe4 17. Qxe4 Qd5 18. Qxd5 Nxd5 19. O-O-O O-O-O 20. Ne3 Nxe3 21. fxe3 Rxd1+ $14 22. Rxd1 Rd8 23. Rxd8+ Kxd8 24. Kc2 f5 25. g3 Ke7 26. Kb3 Kd6 27. c4 Kc5 28. cxb5 axb5 29. a4 bxa4+ 30. Kxa4 Kc6 31. b4 Kb6 32. b5 Kb7 33. Kb4 Kb6 34. Kc4 e4 35. h4 f6 36. h5 h6 37. Kb4 Kb7 38. Kc5 1-0